| TOP OF THE 1ST |
|
St. Cloud Rox batting - Pitching for Aberdeen Pheasants : RHP Jesus Bethancourt
|
|
Pitching: RHP Jesus Bethancourt
|
|
|
Batting: LHB Doran Perdue
|
0-0: Ball 1-0: Called Strike 1-1: Foul Ball, location: 2F 1-2: Ball 2-2: Ball 3-2: SINGLE (Line Drive, 8RM, EV 93.1 MPH)
|
|
Batting: RHB Dennis Sherrill
|
0-0: Ball Doran Perdue steals 2nd base 1-0: Ball 2-0: Called Strike 2-1: Ball 3-1: Ground out 5-3 (Groundball, 5, EV 81.3 MPH)
|
|
Batting: SHB R J Reynolds
|
0-0: SINGLE (Line Drive, 56D, EV 108.1 MPH) Doran Perdue to third Runner from 3rd tries for Home, SAFE, throw by LF to home
|
|
Batting: LHB Tim Flannery
|
0-0: Ball 1-0: Called Strike 1-1: Ball 2-1: SINGLE (Groundball, 3D, EV 97.5 MPH) R J Reynolds to second Runner from 2nd tries for 3rd, SAFE, throw by RF made to third
|
|
Batting: RHB Bill Worden
|
0-0: Ball 1-0: Swinging Strike 1-1: Ball 2-1: Swinging Strike 2-2: Strikes out swinging
|
|
Batting: LHB Curtis Morgan
|
0-0: Ball 1-0: Ball 2-0: Called Strike 2-1: Called Strike 2-2: Ball 3-2: Foul Ball, location: 2F 3-2: Base on Balls Tim Flannery to second
|
|
Batting: RHB Ron Gooch
|
0-0: Called Strike 0-1: Ball 1-1: Foul Ball, location: 2F 1-2: Ground out U3 (Groundball, 13, EV 85.6 MPH)
|
| Top of the 1st over - 1 run, 3 hits, 0 errors, 3 left on base; St. Cloud 1 - Aberdeen 0 |
| BOTTOM OF THE 1ST |
|
Aberdeen Pheasants batting - Pitching for St. Cloud Rox : LHP William Eason
|
|
Pitching: LHP William Eason
|
|
|
Batting: RHB Alejandro Luna
|
0-0: Foul Ball, location: 2F 0-1: Foul Ball, location: 2F 0-2: Ball 1-2: Ball 2-2: Ground out 3-1 (Groundball, 34S, EV 86.9 MPH)
|
|
Batting: SHB Stephen Moore
|
0-0: SINGLE (Groundball, 56D, EV 104.4 MPH)
|
|
Batting: LHB Bob Porter
|
0-0: Ball 1-0: Fielders Choice at 2nd, 4-6 (Groundball, 4, EV 79.4 MPH)
|
|
Batting: RHB Harry McCulla
|
0-0: Ball 1-0: Ball 2-0: Foul Ball, location: 2F 2-1: Ball 3-1: Base on Balls Bob Porter to second
|
|
Batting: LHB Tim Thompson
|
0-0: Fly out, F9 (Flyball, 89S, EV 80.0 MPH)
|
| Bottom of the 1st over - 0 runs, 1 hit, 0 errors, 2 left on base; St. Cloud 1 - Aberdeen 0 |
| TOP OF THE 2ND |
|
St. Cloud Rox batting - Pitching for Aberdeen Pheasants : RHP Jesus Bethancourt
|
|
Batting: RHB Rich Velasquez
|
0-0: Swinging Strike 0-1: Fly out, F5 (Flyball, 5D, EV 88.1 MPH)
|
|
Batting: SHB Manny Galvez
|
0-0: Ball 1-0: Ball 2-0: Ball 3-0: Base on Balls
|
|
Batting: LHB Doran Perdue
|
0-0: Ball 1-0: Ball 2-0: Swinging Strike 2-1: Called Strike 2-2: Foul Ball, location: 2F 2-2: Fly out, F4 (Line Drive, 4, EV 63.1 MPH)
|
|
Batting: RHB Dennis Sherrill
|
0-0: TRIPLE (Flyball, 8RXD, EV 100.6 MPH) Manny Galvez scores
|
|
Batting: SHB R J Reynolds
|
0-0: Ball 1-0: Called Strike 1-1: Foul Ball, location: 2F 1-2: Ball 2-2: Ball 3-2: Strikes out swinging
|
| Top of the 2nd over - 1 run, 1 hit, 0 errors, 1 left on base; St. Cloud 2 - Aberdeen 0 |
| BOTTOM OF THE 2ND |
|
Aberdeen Pheasants batting - Pitching for St. Cloud Rox : LHP William Eason
|
|
Batting: RHB Greg Howe
|
0-0: Called Strike 0-1: Ball 1-1: Foul Ball, location: 2F 1-2: Fly out, F6 (Line Drive, 6, EV 69.4 MPH)
|
|
Batting: RHB Pedro Chavez
|
0-0: Ball 1-0: Called Strike 1-1: Swinging Strike 1-2: Ground out 5-3 (Groundball, 56, EV 79.4 MPH)
|
|
Batting: RHB Mike R Fitzgerald
|
0-0: Called Strike 0-1: Ball 1-1: Ball 2-1: Swinging Strike 2-2: Strikes out swinging, 2-3 out at first.
|
| Bottom of the 2nd over - 0 runs, 0 hits, 0 errors, 0 left on base; St. Cloud 2 - Aberdeen 0 |
| TOP OF THE 3RD |
|
St. Cloud Rox batting - Pitching for Aberdeen Pheasants : RHP Jesus Bethancourt
|
|
Batting: LHB Tim Flannery
|
0-0: Ball 1-0: Swinging Strike 1-1: Ball 2-1: Ball 3-1: DOUBLE (Line Drive, 8LXD, EV 108.8 MPH)
|
|
Batting: RHB Bill Worden
|
0-0: Ball 1-0: Ball 2-0: Foul Ball, location: 2F 2-1: Foul Ball, location: 2F 2-2: Strikes out swinging
|
|
Batting: LHB Curtis Morgan
|
0-0: Called Strike 0-1: Called Strike 0-2: Ball 1-2: SINGLE (Groundball, 6M, EV 105.6 MPH) (infield hit) Tim Flannery to third
|
|
Batting: RHB Ron Gooch
|
0-0: Ball 1-0: Ball 2-0: Called Strike 2-1: Fly out, F7 (Flyball, 7LS, EV 88.1 MPH)
|
|
Batting: RHB Rich Velasquez
|
0-0: Ball 1-0: Called Strike 1-1: Fielders Choice at 2nd, 6-4 (Groundball, 6, EV 92.5 MPH)
|
| Top of the 3rd over - 0 runs, 2 hits, 0 errors, 2 left on base; St. Cloud 2 - Aberdeen 0 |
| BOTTOM OF THE 3RD |
|
Aberdeen Pheasants batting - Pitching for St. Cloud Rox : LHP William Eason
|
|
Batting: RHB Armando Ramirez
|
0-0: Called Strike 0-1: Ball 1-1: TRIPLE (Line Drive, 8LXD, EV 111.3 MPH)
|
|
Batting: RHB Alejandro Luna
|
0-0: Ball 1-0: Ball 2-0: Ground out 5-3 (Groundball, 56S, EV 83.8 MPH) Armando Ramirez scores
|
|
Batting: SHB Stephen Moore
|
0-0: Ball 1-0: Called Strike 1-1: Foul Ball, location: 2F 1-2: Foul Ball, location: 2F 1-2: SOLO HOME RUN (Flyball, 7D, EV 89.4 MPH), Distance : 375 ft
|
|
Batting: LHB Bob Porter
|
0-0: Ball 1-0: Called Strike 1-1: Swinging Strike 1-2: Ground out 4-3 (Groundball, 4S, EV 69.4 MPH)
|
|
Batting: RHB Harry McCulla
|
0-0: Called Strike 0-1: Called Strike 0-2: Foul Ball, location: 2F 0-2: Foul Ball, location: 2F 0-2: Ball 1-2: Foul Ball, location: 2F 1-2: Ball 2-2: Ground out 6-3 (Groundball, 4M, EV 100.0 MPH)
|
| Bottom of the 3rd over - 2 runs, 2 hits, 0 errors, 0 left on base; St. Cloud 2 - Aberdeen 2 |
| TOP OF THE 4TH |
|
St. Cloud Rox batting - Pitching for Aberdeen Pheasants : RHP Jesus Bethancourt
|
|
Batting: SHB Manny Galvez
|
0-0: Ball 1-0: Ball 2-0: SINGLE (Groundball, 4MS, EV 72.5 MPH) (infield hit)
|
|
Batting: LHB Doran Perdue
|
0-0: Ball 1-0: Swinging Strike 1-1: Ball 2-1: Foul Ball, location: 2F 2-2: Strikes out swinging
|
|
Batting: RHB Dennis Sherrill
|
0-0: Called Strike 0-1: Ball 1-1: Swinging Strike 1-2: Reached on error, E5 (Groundball, 56S, EV 75.0 MPH) Manny Galvez to third
|
|
Batting: SHB R J Reynolds
|
0-0: Ball 1-0: Foul Ball, location: 2F 1-1: Ball 2-1: Fly out, F8 (Flyball, 78M, EV 89.4 MPH) Runner from 3rd tags up, OUT at HOME! 8-2
|
| Top of the 4th over - 0 runs, 1 hit, 1 error, 1 left on base; St. Cloud 2 - Aberdeen 2 |
| BOTTOM OF THE 4TH |
|
Aberdeen Pheasants batting - Pitching for St. Cloud Rox : LHP William Eason
|
|
Batting: LHB Tim Thompson
|
0-0: Ball 1-0: Foul Ball, location: 2F 1-1: Swinging Strike 1-2: Strikes out looking
|
|
Batting: RHB Greg Howe
|
0-0: Ball 1-0: Foul Ball, location: 2F 1-1: Ball 2-1: Swinging Strike 2-2: Ball 3-2: Strikes out swinging
|
|
Batting: RHB Pedro Chavez
|
0-0: Foul Ball, location: 2F 0-1: Ball 1-1: Ground out 3-1 (Groundball, 34S, EV 89.4 MPH)
|
| Bottom of the 4th over - 0 runs, 0 hits, 0 errors, 0 left on base; St. Cloud 2 - Aberdeen 2 |
| TOP OF THE 5TH |
|
St. Cloud Rox batting - Pitching for Aberdeen Pheasants : RHP Jesus Bethancourt
|
|
Batting: LHB Tim Flannery
|
0-0: Called Strike 0-1: Ball 1-1: Ball 2-1: Fly out, F8 (Flyball, 8RD, EV 98.8 MPH)
|
|
Batting: RHB Bill Worden
|
0-0: Called Strike 0-1: Ball 1-1: Foul Ball, location: 2F 1-2: Foul Ball, location: 2F 1-2: Foul Ball, location: 2F 1-2: Ball 2-2: Foul Ball, location: 2F 2-2: Ground out 4-3 (Groundball, 4S, EV 85.0 MPH)
|
|
Batting: LHB Curtis Morgan
|
0-0: Fly out, F8 (Flyball, 8RD, EV 105.0 MPH)
|
| Top of the 5th over - 0 runs, 0 hits, 0 errors, 0 left on base; St. Cloud 2 - Aberdeen 2 |
| BOTTOM OF THE 5TH |
|
Aberdeen Pheasants batting - Pitching for St. Cloud Rox : LHP William Eason
|
|
Batting: RHB Mike R Fitzgerald
|
0-0: Ground out 5-3 (Groundball, 56, EV 87.5 MPH)
|
|
Batting: RHB Armando Ramirez
|
0-0: Called Strike 0-1: Foul Ball, location: 2F 0-2: Strikes out swinging
|
|
Batting: RHB Alejandro Luna
|
0-0: DOUBLE (Groundball, 3D, EV 105.0 MPH)
|
|
Batting: SHB Stephen Moore
|
0-0: Ball 1-0: Foul Ball, location: 2F 1-1: Ball 2-1: Fly out, F8 (Flyball, 89D, EV 95.6 MPH)
|
| Bottom of the 5th over - 0 runs, 1 hit, 0 errors, 1 left on base; St. Cloud 2 - Aberdeen 2 |
| TOP OF THE 6TH |
|
St. Cloud Rox batting - Pitching for Aberdeen Pheasants : RHP Jesus Bethancourt
|
|
Batting: RHB Ron Gooch
|
0-0: Foul Ball, location: 2F 0-1: Swinging Strike 0-2: Strikes out looking
|
|
Batting: RHB Rich Velasquez
|
0-0: Ball 1-0: Ball 2-0: Called Strike 2-1: Ball 3-1: SINGLE (Groundball, 56, EV 98.8 MPH)
|
|
Batting: SHB Manny Galvez
|
0-0: Ball 1-0: Called Strike 1-1: Ball 2-1: Foul Ball, location: 2F 2-2: Fielders Choice at 2nd, 3-6 (Groundball, 3, EV 80.0 MPH)
|
|
Batting: LHB Doran Perdue
|
0-0: Foul Ball, location: 2F 0-1: Ball 1-1: Swinging Strike 1-2: Ball 2-2: Ball 3-2: Base on Balls Manny Galvez to second
|
|
Batting: RHB Dennis Sherrill
|
0-0: Swinging Strike 0-1: Called Strike 0-2: Ground out 4-3 (Groundball, 4, EV 100.6 MPH)
|
| Top of the 6th over - 0 runs, 1 hit, 0 errors, 2 left on base; St. Cloud 2 - Aberdeen 2 |
| BOTTOM OF THE 6TH |
|
Aberdeen Pheasants batting - Pitching for St. Cloud Rox : LHP William Eason
|
|
Batting: LHB Bob Porter
|
0-0: Ball 1-0: Ground out 4-3 (Groundball, 4S, EV 81.9 MPH)
|
|
Batting: RHB Harry McCulla
|
0-0: Ball 1-0: Ball 2-0: Ball 3-0: Base on Balls
|
|
Batting: LHB Tim Thompson
|
0-0: Swinging Strike 0-1: Ball 1-1: Ball 2-1: SINGLE (Groundball, P, EV 77.5 MPH) (infield hit) Harry McCulla to second
|
|
Batting: RHB Greg Howe
|
0-0: Ground out 5-3 (Groundball, 5, EV 86.3 MPH) Harry McCulla to third Tim Thompson to second
|
|
Batting: RHB Pedro Chavez
|
0-0: SINGLE (Groundball, 6D, EV 93.8 MPH) Harry McCulla scores Tim Thompson to third Runner from 3rd tries for Home, SAFE, throw by CF to home
|
|
Batting: RHB Mike R Fitzgerald
|
0-0: Ball 1-0: Fly out, F7 (Flyball, 7, EV 71.3 MPH)
|
| Bottom of the 6th over - 2 runs, 2 hits, 0 errors, 1 left on base; St. Cloud 2 - Aberdeen 4 |
| TOP OF THE 7TH |
|
St. Cloud Rox batting - Pitching for Aberdeen Pheasants : RHP Jesus Bethancourt
|
|
Batting: SHB R J Reynolds
|
0-0: DOUBLE (Line Drive, 8RD, EV 98.8 MPH)
|
|
Batting: LHB Tim Flannery
|
0-0: Called Strike 0-1: Ball 1-1: Called Strike 1-2: Ball 2-2: Foul Ball, location: 2F 2-2: Foul Ball, location: 2F 2-2: Strikes out swinging
|
|
Batting: RHB Bill Worden
|
0-0: Ball 1-0: Called Strike 1-1: SINGLE (Line Drive, 7LS, EV 103.1 MPH) R J Reynolds to third Runner from 3rd tries for Home, throw by LF and OUT! 7-2
|
|
Batting: LHB Curtis Morgan
|
0-0: Ball 1-0: Ball 2-0: Called Strike 2-1: Called Strike 2-2: Ball 3-2: Foul Ball, location: 2F 3-2: Foul Ball, location: 2F 3-2: Foul Ball, location: 2F 3-2: Base on Balls Bill Worden to second
|
|
Batting: RHB Ron Gooch
|
0-0: Called Strike 0-1: Foul Ball, location: 5F, Error on foul ball, E5 0-2: Foul Ball, location: 2F 0-2: SINGLE (Flyball, 8LS, EV 95.0 MPH) Bill Worden to third Curtis Morgan to second Runner from 3rd tries for Home, SAFE, throw by CF to home
|
|
Batting: RHB Rich Velasquez
|
0-0: Called Strike 0-1: Swinging Strike 0-2: Foul Ball, location: 2F 0-2: Strikes out swinging
|
| Top of the 7th over - 1 run, 3 hits, 1 error, 2 left on base; St. Cloud 3 - Aberdeen 4 |
| BOTTOM OF THE 7TH |
|
Aberdeen Pheasants batting - Pitching for St. Cloud Rox : LHP William Eason
|
|
Batting: RHB Armando Ramirez
|
0-0: Ball 1-0: Called Strike 1-1: Swinging Strike 1-2: Ball 2-2: Strikes out looking
|
|
Batting: RHB Alejandro Luna
|
0-0: Ball 1-0: Swinging Strike 1-1: Swinging Strike 1-2: Strikes out swinging
|
|
Batting: SHB Stephen Moore
|
0-0: Swinging Strike 0-1: Swinging Strike 0-2: Ball 1-2: Ground out 5-3 (Groundball, 56, EV 92.5 MPH)
|
| Bottom of the 7th over - 0 runs, 0 hits, 0 errors, 0 left on base; St. Cloud 3 - Aberdeen 4 |
| TOP OF THE 8TH |
|
St. Cloud Rox batting - Pitching for Aberdeen Pheasants : RHP Jesus Bethancourt
|
|
Now in CF: Rick Leach
|
|
|
Batting: SHB Manny Galvez
|
0-0: Called Strike 0-1: Ball 1-1: Swinging Strike 1-2: Strikes out swinging
|
|
Batting: LHB Doran Perdue
|
0-0: Ball 1-0: Ball 2-0: Fly out, F8 (Line Drive, 8LD, EV 96.3 MPH)
|
|
Batting: RHB Dennis Sherrill
|
0-0: Reached on error, E1 (Groundball, 34S, EV 66.9 MPH)
|
|
Batting: SHB R J Reynolds
|
0-0: Ball 1-0: Ball 2-0: SINGLE (Line Drive, 7S, EV 105.0 MPH) Dennis Sherrill to third Runner from 3rd tries for Home, SAFE, throw by LF to home R J Reynolds to second
|
|
Batting: LHB Tim Flannery
|
0-0: Intentional Walk
|
|
Batting: RHB Bill Worden
|
0-0: Ball 1-0: Foul Ball, location: 2F 1-1: Ball 2-1: Foul Ball, location: 2F 2-2: Strikes out swinging
|
| Top of the 8th over - 1 run, 1 hit, 1 error, 2 left on base; St. Cloud 4 - Aberdeen 4 |
| BOTTOM OF THE 8TH |
|
Aberdeen Pheasants batting - Pitching for St. Cloud Rox : LHP William Eason
|
|
Batting: LHB Bob Porter
|
0-0: Ball 1-0: Ball 2-0: Called Strike 2-1: Foul Ball, location: 2F 2-2: Ball 3-2: Fly out, F4 (Popup, 4S, EV 74.4 MPH)
|
|
Pitching: RHP Lawrence Crews
|
|
|
Batting: RHB Harry McCulla
|
0-0: Ball 1-0: Ground out 4-3 (Groundball, 4, EV 88.8 MPH)
|
|
Batting: LHB Tim Thompson
|
0-0: Foul Ball, location: 2F 0-1: Ball 1-1: SINGLE (Flyball, 89S, EV 97.5 MPH)
|
|
Pinch Runner at 1st Sergio Leija:
|
|
|
Batting: RHB Greg Howe
|
0-0: Ball Sergio Leija steals 2nd base 1-0: Intentional Walk
|
|
Batting: RHB Pedro Chavez
|
0-0: Called Strike 0-1: Fly out, F8 (Line Drive, 8RD, EV 93.1 MPH)
|
| Bottom of the 8th over - 0 runs, 1 hit, 0 errors, 2 left on base; St. Cloud 4 - Aberdeen 4 |
| TOP OF THE 9TH |
|
St. Cloud Rox batting - Pitching for Aberdeen Pheasants : RHP Jesus Bethancourt
|
|
Pitching: LHP Juan Contreras
|
|
|
Pinch Hitting: RHB Ron Gardenhire
|
0-0: Foul Ball, location: 2F 0-1: Foul Ball, location: 2F 0-2: Strikes out swinging
|
|
Batting: RHB Ron Gooch
|
0-0: Called Strike 0-1: Ball 1-1: SINGLE (Groundball, 56D, EV 101.3 MPH)
|
|
Batting: RHB Rich Velasquez
|
Balk! Ron Gooch to second 0-0: Fly out, F8 (Flyball, 8LM, EV 88.1 MPH)
|
|
Batting: SHB Manny Galvez
|
0-0: Called Strike 0-1: Foul Ball, location: 2F 0-2: Strikes out swinging
|
| Top of the 9th over - 0 runs, 1 hit, 0 errors, 1 left on base; St. Cloud 4 - Aberdeen 4 |
| BOTTOM OF THE 9TH |
|
Aberdeen Pheasants batting - Pitching for St. Cloud Rox : RHP Lawrence Crews
|
|
Now at 1B: Ron Gardenhire
|
|
|
Pinch Hitting: LHB Robert McNair
|
0-0: Ball 1-0: Ball 2-0: Ground out 6-3 (Groundball, 6, EV 83.1 MPH)
|
|
Batting: RHB Armando Ramirez
|
0-0: Reached on error, E5 (Groundball, 56S, EV 78.1 MPH)
|
|
Batting: RHB Alejandro Luna
|
0-0: Fielders Choice at 2nd, 3-6 (Groundball, 34, EV 89.4 MPH)
|
|
Batting: LHB Rick Leach
|
0-0: Ball 1-0: Ground out 5-3 (Groundball, 5S, EV 63.1 MPH)
|
| Bottom of the 9th over - 0 runs, 0 hits, 1 error, 1 left on base; St. Cloud 4 - Aberdeen 4 |
| TOP OF THE 10TH |
|
St. Cloud Rox batting - Pitching for Aberdeen Pheasants : LHP Juan Contreras
|
|
Now at 1B: Robert McNair
|
|
|
Pinch Hitting: RHB Douglas Morganti
|
0-0: Called Strike 0-1: Ball 1-1: Foul Ball, location: 2F 1-2: Ball 2-2: Ball 3-2: Foul Ball, location: 2F 3-2: Fly out, F8 (Flyball, 8RXD, EV 107.5 MPH)
|
|
Batting: RHB Dennis Sherrill
|
0-0: Ball 1-0: Foul Ball, location: 2F 1-1: Foul Ball, location: 2F 1-2: Ball 2-2: TRIPLE (Groundball, 3L, EV 104.4 MPH)
|
|
Batting: SHB R J Reynolds
|
0-0: Intentional Walk
|
|
Batting: LHB Tim Flannery
|
0-0: Called Strike R J Reynolds steals 2nd base (no throw) 0-1: Swinging Strike 0-2: Ground out 3-1 (Groundball, 34S, EV 90.0 MPH)
|
|
Batting: RHB Bill Worden
|
0-0: Ball 1-0: Called Strike 1-1: Foul Ball, location: 2F 1-2: Strikes out looking
|
| Top of the 10th over - 0 runs, 1 hit, 0 errors, 2 left on base; St. Cloud 4 - Aberdeen 4 |
| BOTTOM OF THE 10TH |
|
Aberdeen Pheasants batting - Pitching for St. Cloud Rox : RHP Lawrence Crews
|
|
Pitching: RHP Mitch Zwolensky
|
|
|
Now in RF: Domingos Maravilhas
|
|
|
Batting: LHB Bob Porter
|
0-0: Called Strike 0-1: Ball 1-1: Swinging Strike 1-2: Foul Ball, location: 2F 1-2: Strikes out looking
|
|
Batting: RHB Harry McCulla
|
0-0: Ball 1-0: Foul Ball, location: 2F 1-1: Ball 2-1: Fly out, F4 (Popup, 23, EV 91.9 MPH)
|
|
Batting: LHB Sergio Leija
|
0-0: Swinging Strike 0-1: Ball 1-1: Ball 2-1: Fly out, F7 (Flyball, 7D, EV 102.5 MPH)
|
| Bottom of the 10th over - 0 runs, 0 hits, 0 errors, 0 left on base; St. Cloud 4 - Aberdeen 4 |
| TOP OF THE 11TH |
|
St. Cloud Rox batting - Pitching for Aberdeen Pheasants : LHP Juan Contreras
|
|
Batting: RHB Ron Gardenhire
|
0-0: Foul Ball, location: 2F 0-1: Ball 1-1: Called Strike 1-2: Strikes out looking
|
|
Batting: RHB Ron Gooch
|
0-0: Foul Ball, location: 2F 0-1: Called Strike 0-2: Strikes out swinging
|
|
Batting: RHB Rich Velasquez
|
0-0: Called Strike 0-1: Ball 1-1: Ball 2-1: Ball 3-1: Called Strike 3-2: SINGLE (Groundball, 4M, EV 106.3 MPH) (infield hit)
|
|
Batting: SHB Manny Galvez
|
0-0: Ball 1-0: Called Strike 1-1: Called Strike 1-2: Fly out, F8 (Flyball, 8RD, EV 73.8 MPH)
|
| Top of the 11th over - 0 runs, 1 hit, 0 errors, 1 left on base; St. Cloud 4 - Aberdeen 4 |
| BOTTOM OF THE 11TH |
|
Aberdeen Pheasants batting - Pitching for St. Cloud Rox : RHP Mitch Zwolensky
|
|
Batting: RHB Greg Howe
|
0-0: Foul Ball, location: 2F 0-1: Ball 1-1: Foul Ball, location: 2F 1-2: Foul Ball, location: 2F 1-2: Ball 2-2: Ball 3-2: Ground out 6-3 (Groundball, 6, EV 86.9 MPH)
|
|
Batting: RHB Pedro Chavez
|
0-0: Ball 1-0: Foul Ball, location: 2F 1-1: Ball 2-1: Ball 3-1: Foul Ball, location: 2F 3-2: Foul Ball, location: 2F 3-2: Strikes out swinging
|
|
Pitching: LHP Gibson Alba
|
|
|
Pinch Hitting: RHB Thomas Masterson
|
0-0: Called Strike 0-1: Ball 1-1: Ball 2-1: Ball 3-1: Called Strike 3-2: SINGLE (Line Drive, 9, EV 92.5 MPH)
|
|
Batting: RHB Armando Ramirez
|
0-0: SINGLE (Groundball, 34D, EV 108.8 MPH) Thomas Masterson to second Runner from 2nd tries for 3rd, SAFE, throw by RF made to third
|
|
Batting: RHB Alejandro Luna
|
0-0: Ball 1-0: Swinging Strike 1-1: Foul Ball, location: 2F 1-2: Fly out, F7 (Line Drive, 7, EV 88.8 MPH)
|
| Bottom of the 11th over - 0 runs, 2 hits, 0 errors, 2 left on base; St. Cloud 4 - Aberdeen 4 |
| TOP OF THE 12TH |
|
St. Cloud Rox batting - Pitching for Aberdeen Pheasants : LHP Juan Contreras
|
|
Pitching: RHP John Altman
|
|
|
Now in CF: Diego Martinez
|
|
|
Batting: RHB Domingos Maravilhas
|
0-0: Ball 1-0: SINGLE (Groundball, 5S, EV 61.3 MPH) (infield hit)
|
|
Batting: RHB Dennis Sherrill
|
0-0: Sac Bunt to 2L - play at first, batter OUT! 2-4 Domingos Maravilhas to second
|
|
Batting: SHB R J Reynolds
|
0-0: Swinging Strike 0-1: Ball 1-1: Ball Wild Pitch! Domingos Maravilhas to third 2-1: Ball 3-1: Base on Balls
|
|
Batting: LHB Tim Flannery
|
0-0: Ball R J Reynolds steals 2nd base (no throw) 1-0: Intentional Walk
|
|
Batting: RHB Bill Worden
|
0-0: Ball 1-0: Ball 2-0: Ball 3-0: Base on Balls Domingos Maravilhas scores R J Reynolds to third Tim Flannery to second
|
|
Batting: RHB Ron Gardenhire
|
0-0: Ball 1-0: Ball 2-0: Swinging Strike 2-1: Ball 3-1: Base on Balls R J Reynolds scores Tim Flannery to third Bill Worden to second
|
|
Batting: RHB Ron Gooch
|
0-0: Called Strike 0-1: Ball Passed Ball! Tim Flannery scores Bill Worden to third Ron Gardenhire to second 1-1: Intentional Walk
|
|
Batting: RHB Rich Velasquez
|
0-0: Called Strike 0-1: Ball 1-1: Foul Ball, location: 2F 1-2: Foul Ball, location: 2F 1-2: Ball 2-2: Foul Ball, location: 2F 2-2: Foul Ball, location: 2F 2-2: Ball 3-2: Base on Balls Bill Worden scores Ron Gardenhire to third Ron Gooch to second
|
|
Pitching: RHP Ernesto Borbon
|
|
|
Batting: SHB Manny Galvez
|
0-0: Ball 1-0: Fielders Choice at 2nd, 5-4 (Groundball, 56S, EV 80.6 MPH) Ron Gardenhire scores Ron Gooch to third
|
|
Batting: RHB Domingos Maravilhas
|
0-0: Called Strike 0-1: SINGLE (Groundball, 4MD, EV 101.9 MPH) Ron Gooch scores Manny Galvez to second Runner from 2nd tries for 3rd, SAFE, no throw by CF
|
|
Batting: RHB Dennis Sherrill
|
0-0: SINGLE (Groundball, 6MD, EV 108.8 MPH) Manny Galvez scores Domingos Maravilhas to second Runner from 2nd tries for 3rd, SAFE, no throw by CF
|
|
Batting: SHB R J Reynolds
|
0-0: Called Strike 0-1: Fly out, F4 (Line Drive, 4, EV 66.9 MPH)
|
| Top of the 12th over - 7 runs, 3 hits, 0 errors, 2 left on base; St. Cloud 11 - Aberdeen 4 |
| BOTTOM OF THE 12TH |
|
Aberdeen Pheasants batting - Pitching for St. Cloud Rox : LHP Gibson Alba
|
|
Batting: LHB Rick Leach
|
0-0: Ball 1-0: Ball 2-0: SINGLE (Line Drive, 5D, EV 101.3 MPH)
|
|
Batting: LHB Bob Porter
|
0-0: Ball 1-0: Called Strike 1-1: Ball 2-1: Swinging Strike 2-2: Foul Ball, location: 2F 2-2: Strikes out swinging
|
|
Batting: RHB Harry McCulla
|
0-0: Called Strike 0-1: Ball 1-1: Foul Ball, location: 2F 1-2: Fly out, F6 (Flyball, 6MD, EV 88.8 MPH)
|
|
Batting: LHB Sergio Leija
|
0-0: Ball 1-0: Fly out, F7 (Flyball, 78D, EV 102.5 MPH)
|
| Bottom of the 12th over - 0 runs, 1 hit, 0 errors, 1 left on base; St. Cloud 11 - Aberdeen 4 |
|